AoeStats
← 竞技场场王

Black Forest

510710704Analyzed
4v4 RM · 1d ago on Oct 2, 2026· 45m 43s· 8 players
Game mode
Random Map
Map size
Large (8 player)
Population
200
Speed
Normal
Resources
Standard
Victory
Conquest
Starting age
Dark Age
Ending age
Imperial Age
RankedLock teamsTeams togetherTeam positionsShared explorationLock speedFull tech treeHidden civsTurbo modeCheats
Victory
Defeat
🇹🇼 Persians · Taiwan
1368
+12
🇮🇳 Byzantines · India
1286
+15
🇨🇳 Koreans · China
1279
+15
🇩🇪 Celts · Germany
1267
+16
🇦🇺 Danes · Australia
1359
-17
🇨🇳 Danes · China
1319
-17
🇨🇳 Wu · China
1262
-14
1138
-10
Vespuccio
11:07 Feudal Age
15:24 Castle Age
14:02 Double-Bit Axe
14:23 Horse Collar
17:36 Bow Saw
21:18 Wheelbarrow
20:29 Loom
20:47 Stone Mining
22:22 Gold Mining
22:36 Heavy Plow
24:31 Hand Cart
25:00 Gold Shaft Mining
29:39 Imperial Age
28:57 Scale Mail Armor
29:08 Forging
28:41 Pikeman
29:07 Arson
29:59 Chain Mail Armor
30:47 Conscription
30:44 Elite Woad Raider
33:30 Plate Mail Armor
33:35 Iron Casting
33:21 Heavy Scorpion
35:14 Furor Celtica
34:43 Capped Ram
37:35 Blast Furnace
38:24 Ballistics
38:17 Masonry
38:15 Siege Engineers
41:42 Coinage
41:27 Man-at-Arms
41:53 Gambesons
41:39 Onager
42:45 Caravan
43:15 Banking
42:18 Long Swordsman
42:57 Stronghold
43:14 Two-Handed Swordsman
44:07 Siege Onager
45:38 Champion
snek_fan
0:29 Loom
13:19 Feudal Age
17:02 Castle Age
15:36 Double-Bit Axe
22:14 Scale Barding Armor
25:44 Forging
30:13 Chain Barding Armor
41:28 Squires
41:22 Pikeman
43:19 Wheelbarrow
44:09 Gold Mining
藥膏
10:13 Loom
12:25 Feudal Age
17:11 Castle Age
15:46 Double-Bit Axe
15:45 Horse Collar
18:25 Wheelbarrow
18:58 Bow Saw
20:28 Fishing Lines
24:47 Gillnets
27:20 Heavy Plow
27:12 Gold Mining
27:13 Stone Mining
28:30 Gold Shaft Mining
29:19 Hand Cart
29:41 Stone Shaft Mining
30:23 Forging
30:19 Scale Barding Armor
33:40 Imperial Age
32:38 Iron Casting
32:24 Chain Barding Armor
32:24 Bloodlines
32:15 Husbandry
33:18 Cavalier
35:09 Blast Furnace
34:39 Savar
36:06 Plate Barding Armor
37:25 Two-Man Saw
40:22 Caravan
40:54 Guilds
42:16 Chemistry
41:37 Ballistics
42:00 Coinage
42:04 Scale Mail Armor
41:26 Pikeman
42:07 Squires
41:53 Arson
42:20 Halberdier
43:53 Chain Mail Armor
45:44 Plate Mail Armor
-d
5:03 Loom
12:05 Feudal Age
18:38 Castle Age
16:55 Double-Bit Axe
17:41 Stone Mining
19:22 Fletching
26:19 Horse Collar
32:38 Imperial Age
32:48 Wheelbarrow
34:09 Bodkin Arrow
34:36 Hand Cart
34:23 Heavy Plow
36:04 Bow Saw
36:50 Bracer
37:12 Ballistics
37:13 Scale Barding Armor
37:58 Elite War Wagon
39:46 Chemistry
40:42 Chain Barding Armor
42:15 Thumb Ring
43:44 Forging
45:00 Eupseong
46:39 Conscription
47:23 Two-Man Saw
不学不练
0:41 Loom
13:06 Feudal Age
15:09 Double-Bit Axe
18:20 Castle Age
29:56 Imperial Age
28:05 Wheelbarrow
33:23 Fletching
34:01 Bodkin Arrow
A2PL Okr010
0:26 Loom
12:11 Feudal Age
16:17 Castle Age
14:15 Double-Bit Axe
17:18 Bow Saw
16:56 Horse Collar
19:14 Fishing Lines
22:04 Heavy Plow
24:09 Wheelbarrow
24:12 Gold Mining
24:13 Stone Mining
25:26 Hand Cart
26:35 Gold Shaft Mining
26:37 Stone Shaft Mining
29:59 Imperial Age
27:47 Scale Mail Armor
27:57 Forging
28:15 Ballistics
28:52 Scale Barding Armor
29:05 Chain Mail Armor
30:24 Iron Casting
30:32 Arson
30:47 Squires
30:33 Gambesons
30:20 Onager
31:52 Plate Mail Armor
33:16 Blast Furnace
32:07 Fletching
32:24 Siege Engineers
33:19 Chemistry
32:16 Murder Holes
32:29 Siege Engineers
32:33 Elite Varangian Guard
32:55 Siege Onager
34:19 Conscription
33:22 Hamask
33:23 Northmen's Fury
34:26 Masonry
34:02 Capped Ram
34:46 Bodkin Arrow
35:20 Siege Onager
35:55 Capped Ram
37:03 Bracer
39:22 Siege Ram
竞技场场王
2:43 Loom
12:24 Feudal Age
16:17 Castle Age
14:51 Double-Bit Axe
14:57 Horse Collar
15:12 Gold Mining
17:21 Bow Saw
17:39 Scale Mail Armor
17:52 Forging
23:40 Iron Casting
27:29 Imperial Age
24:54 Gold Mining
26:27 Padded Archer Armor
26:18 Fletching
26:31 Padded Archer Armor
33:37 Bodkin Arrow
36:10 Bracer
37:39 Wheelbarrow
38:36 Thumb Ring
39:21 Hand Cart
39:55 Pikeman
40:36 Squires
41:04 Chain Mail Armor
41:49 Blast Furnace
40:52 Halberdier
41:40 Town Watch
44:30 Conscription
noob but hard practice
6:51 Loom
8:16 Loom
11:12 Feudal Age
14:27 Double-Bit Axe
17:02 Castle Age
18:33 Wheelbarrow
20:58 Horse Collar
21:17 Fishing Lines
22:14 Bow Saw
26:11 Hand Cart
25:56 Gillnets
27:03 Gold Mining
33:07 Imperial Age
31:25 Gold Shaft Mining
30:52 Husbandry
31:03 Bloodlines
32:03 Bloodlines
32:11 Scale Barding Armor
32:17 Forging
33:00 Town Watch
33:51 Chain Barding Armor
34:27 Iron Casting
34:11 Cavalier
35:18 Conscription
35:43 Plate Barding Armor
37:05 Blast Furnace
35:29 Savar
39:39 Heavy Camel Rider
41:28 Caravan
42:46 Town Patrol
Connection lost

Rejoining the realm…

Still unreachable

The connection could not be restored.

Session expired

The server has moved on; the page needs a fresh start.